 Dungeon Crawl Stone Soup version 0.21.1-1-g345015f (webtiles) character file.

133341 spiff the Orcish Catastrophe (level 17, -3/156 HPs)
             Began as a Hill Orc Monk on July 7, 2018.
             Was an Elder of Qazlal.
             Slain by a salamander
             ... wielding a +0 glaive
              (12 damage)
             ... on level 1 of the Snake Pit on July 8, 2018.
             The game lasted 01:11:32 (30305 turns).

spiff the Orcish Catastrophe (Hill Orc Monk)       Turns: 30305, Time: 01:11:32

Health: -3/156     AC: 24    Str: 23    XL:     17   Next: 14%
Magic:  8/10       EV: 16    Int: 10    God:    Qazlal [****..]
Gold:   1670       SH:  5    Dex:  9    Spells: 16/16 levels left

rFire    . . .     SeeInvis +   x - +8 executioner's axe "Enohune" {antimagic, rElec Dex-4 SInv}
rCold    . . .     Gourm    .   (shield currently unavailable)
rNeg     . . .     Faith    .   F - +6 chain mail of Pride {Str+2}
rPois    .         Spirit   .   (no helmet)
rElec    +         Reflect  .   J - +1 cloak
rCorr    .         Harm     .   z - +0 pair of gloves
MR       +....                  R - +0 pair of boots
Stlth    ..........             P - amulet of regeneration
HPRegen  0.76/turn              U - +2 ring of slaying
MPRegen  0.12/turn              A - +3 ring of evasion

@: lethally poisoned (-3 -> -3), repel missiles
A: no striking features
a: Upheaval, Elemental Force, Renounce Religion


You were on level 1 of the Snake Pit.
You worshipped Qazlal.
Qazlal was greatly pleased with you.
You were very hungry.

You visited 5 branches of the dungeon, and saw 25 of its levels.
You visited the Abyss 1 time.
You also visited: Labyrinth and Sewer.

You collected 2050 gold pieces.
You spent 380 gold pieces at shops.

Inventory:

Hand Weapons
 q - the +3 hand axe of the Neverending Queens {freeze, +Blink rF- rN+}
   (You found it in a sewer)

   It has been specially enchanted to freeze those struck by it, causing extra
   injury to most foes and up to half again as much damage against particularly
   susceptible opponents.
   It can also slow down cold-blooded creatures.
   It makes you vulnerable to fire.
   It protects you from negative energy.
   It lets you blink.
 x - the +8 executioner's axe "Enohune" (weapon) {antimagic, rElec Dex-4 SInv}
   (You acquired it on level 6 of the Lair of Beasts)

   It reduces the magical energy of the wielder, and disrupts the spells and
   magical abilities of those hit.
   Natural abilities and divine invocations are not affected.
   It affects your dexterity (-4).
   It insulates you from electricity.
   It lets you see invisible.
Missiles
 h - 24 tomahawks
 s - 6 javelins
 y - a throwing net (quivered)
Armour
 z - a +0 pair of gloves (worn)
 F - the +6 chain mail of Pride (worn) {Str+2}
   (You bought it in a shop on level 2 of the Orcish Mines)

   It affects your strength (+2).
 J - a +1 cloak (worn)
 R - a +0 pair of boots (worn)
Jewellery
 A - a +3 ring of evasion (right hand)
 P - an amulet of regeneration (around neck)
 U - a +2 ring of slaying (left hand)
Wands
 f - a wand of scattershot (2)
 o - a wand of random effects (77)
 v - a wand of flame (81)
 K - a wand of iceblast (22)
 L - a wand of enslavement (10)
 O - a wand of paralysis (59)
 Q - a wand of polymorph (25)
 S - a wand of clouds (5)
 W - a wand of disintegration (16)
 Z - a wand of acid (20)
Scrolls
 d - a scroll of fear
 p - 5 scrolls of amnesia
 r - 4 scrolls of immolation
 t - 5 scrolls of teleportation
 D - 3 scrolls of fog
 G - 4 scrolls of remove curse
 M - 4 scrolls of identify
 Y - 2 scrolls of magic mapping
Potions
 e - a potion of haste
 i - 11 potions of curing
 j - 4 potions of heal wounds
 k - 5 potions of might
 l - 6 potions of agility
 m - 4 potions of lignification
 u - 3 potions of flight
 B - a potion of invisibility
 C - a potion of cancellation
 N - 2 potions of magic
 X - 2 potions of resistance
Comestibles
 c - 46 rations


   Skills:
 - Level 15.0 Fighting
 - Level 18.0 Axes
 + Level 12.1 Armour
 + Level 11.3 Dodging
 - Level 1.7 Stealth
 - Level 20.0 Invocations


You had 16 spell levels left.
You didn't know any spells.

Dungeon Overview and Level Annotations

Branches:
Dungeon (15/15)            Temple (1/1) D:5            Lair (6/6) D:11
 Shoals (0/4) Lair:3        Snake (1/4) Lair:2        Slime (0/5) Lair:5
    Orc (2/2) D:11            Elf (0/3) Orc:2        Vaults (0/5) D:13
 Depths (0/5) D:15

Altars:
Ashenzari
Cheibriados
Dithmenos
Fedhas
Gozag
Kikubaaqudgha
Nemelex Xobeh
Okawaru
Qazlal
Ru
Sif Muna
Trog
Uskayaw
Vehumet
Wu Jian
Xom
Yredelemnul

Shops:
D:9 %   D:11 [   Orc:1 =   Orc:2 %}[!!

Portals:
Pandemonium: Orc:2


Message History

Qazlal accepts your kill.
You feel sick.
A naga comes into view. It is wielding a short sword.
You feel sick.
You see here a short sword.
Items here: )) [[ †† A salamander comes into view.
It is wielding a glaive.
You hear a shout!
You feel sick. You block the salamander's attack.
You closely miss the salamander. The salamander hits you with a glaive!
* * * LOW HITPOINT WARNING * * *
You are engulfed in flames!
* * * LOW HITPOINT WARNING * * *
Okay, then.
You slash the salamander!
The salamander is lightly wounded.
The salamander hits you with a glaive.
* * * LOW HITPOINT WARNING * * *
You are engulfed in flames!
You die...

##. #... #... ######
#..## ##....# #...#
##.†...###
#...#####...)#...# .
#.§.§..#....###..#
...#####..§.))....)#....#
........§.@#####)†).)..>#
..#......N# ##....>...#
#####...# ##....#.NN#
#...## #######..# #....##
#.. ##....## ##....##
##....##########
##....<........


You could see a salamander.

Vanquished Creatures
  2 tentacled starspawn (Abyss:2)
  Donald (Snake:1)
  An orc warlord (Orc:2)
  Nessos (D:14)
  A minotaur (Lab)
  An ettin (Orc:2)
  A fire dragon (D:14)
  Harold (D:11)
  2 naga warriors (Snake:1)
  5 hydras
  3 ogre magi (D:15)
  23 two-headed ogres
  2 centaur warriors (D:15)
  Erica (D:9)
  2 dancing weapons (D:13)
  Urug (Orc:1)
  Sonja (D:12)
  5 orc high priests (Orc:2)
  3 wretched stars (Abyss:2)
  Nergalle (Lair:4)
  The ghost of RENEGADE the Magician, a novice KoVM of Cheibriados (D:10)
  3 skeletal warriors (D:14)
  A sixfirhy (Orc:2)
  The ghost of SedStubbie the Vexing, a novice GnAM (D:9)
  2 gelid demonspawn (Orc:2)
  3 wizards
  2 torturous demonspawn (Orc:2)
  2 unseen horrors
  The ghost of TotesWizzard the Transmogrifier, a novice MfTm (D:6)
  A phantasmal warrior (Abyss:2)
  The ghost of Curus the Geomancer, a novice GrEE of Vehumet (D:7)
  4 orc knights (Orc:2)
  10 orc sorcerers
  3 ugly things
  An oklob plant (Lair:1)
  A mana viper (Snake:1)
  A manticore (D:14)
  3 deep elf magi
  A cyclops (D:14)
  24 slime creatures
  4 large abominations (Abyss:2)
  4 elephants (Lair:6)
  Joseph (D:9)
  A guardian serpent (Snake:1)
  A merfolk siren (Lair:3)
  7 black mambas
  4 centaur zombies
  3 naga magi
  2 smoke demons
  4 orange demons
  34 spiny frogs
  3 gargoyles
  8 kobold demonologists
  A hellion (Abyss:2)
  2 komodo dragons
  5 rime drakes
  An ancient zyme (Abyss:2)
  3 merfolk (Lair:3)
  9 trolls
  A queen bee (D:9)
  6 meliai (D:15)
  A hornet (D:10)
  4 polar bears
  A queen bee (shapeshifter) (D:15)
  4 tyrant leeches
  The ghost of TotesWizzard the Insei, an amateur MfTm of Wu Jian (D:4)
  6 dream sheep (Lair:6)
  15 blink frogs
  14 hippogriffs
  A meliai zombie (D:12)
  A shock serpent simulacrum (Abyss:2)
  A shadow (Abyss:2)
  A spriggan (D:7)
  A wraith (Abyss:2)
  A hog (shapeshifter) (D:13)
  3 wyverns
  42 yaks
  3 small abominations (Abyss:2)
  2 basilisks
  Grum (D:9)
  13 vampire mosquitoes
  8 hungry ghosts
  A chaos spawn (Orc:2)
  2 wargs (Orc:2)
  Menkaure (D:4)
  A soldier ant (D:14)
  5 nagas (Snake:1)
  9 water moccasins
  An acid dragon (D:15)
  4 porcupines
  7 ice beasts
  4 sky beasts
  23 orc warriors
  2 eyes of draining
  4 phantoms
  A black bear (D:10)
  4 starcursed masses (Abyss:2)
  19 ogres
  16 centaurs
  18 wolves
  16 crocodiles
  7 big kobolds
  29 bullfrogs
  A wyvern skeleton (D:15)
  8 scorpions
  34 killer bees
  10 wights
  5 electric eels (Lair:6)
  8 howler monkeys
  5 jellies
  7 crimson imps
  2 bullfrog zombies
  2 quasits
  6 hounds
  24 orc priests
  7 centaur skeletons
  12 orc wizards
  3 bullfrog skeletons
  3 iguanas
  Crazy Yiuf (D:6)
  Ijyb (D:4)
  A gnoll shaman (D:6)
  9 worker ants
  A killer bee zombie (D:10)
  A hound skeleton (D:6)
  11 gnolls
  12 adders
  4 river rats (Sewer)
  A shadow imp (D:8)
  2 white imps (Abyss:2)
  2 oozes (Lair:5)
  2 adder skeletons
  An adder zombie (D:7)
  2 worms
  A dart slug (D:3)
  6 leopard geckos
  55 orcs
  16 bats
  3 giant cockroaches (D:3)
  6 goblins
  9 hobgoblins
  26 jackals
  5 quokkas
  9 ball pythons
  6 frilled lizards
  26 kobolds
  A leopard gecko zombie (D:5)
  A quokka skeleton (D:5)
  26 rats
  2 fungi (Lair:3)
  3 plants (Lair:6)
  A starspawn tentacle (Abyss:2)
916 creatures vanquished.

Vanquished Creatures (others)
  A bullfrog (D:12)
  An orc (D:10)
  A hobgoblin (D:2)
  A kobold (D:15)
  2 fungi
  37 plants
  5 starspawn tentacles (Abyss:2)
48 creatures vanquished.

Grand Total: 964 creatures vanquished

Notes
Turn   | Place    | Note
-------+----------+-------------------------------------------
     0 | D:1      | spiff the Hill Orc Monk began the quest for the Orb.
     0 | D:1      | Reached XP level 1. HP: 19/19 MP: 1/1
    18 | D:1      | Reached XP level 2. HP: 17/27 MP: 2/2
   509 | D:1      | Reached XP level 3. HP: 33/33 MP: 3/3
   576 | D:1      | Reached skill level 5 in Axes
  1382 | D:2      | Reached XP level 4. HP: 18/41 MP: 4/4
  2888 | D:2      | Reached XP level 5. HP: 28/47 MP: 5/5
  3517 | D:3      | Reached skill level 5 in Fighting
  3725 | D:3      | Found a basalt altar of Yredelemnul.
  4028 | D:4      | Found a glowing drain.
  4049 | Sewer    | Entered a sewer
  4268 | Sewer    | Noticed a big kobold
  4271 | Sewer    | Reached XP level 6. HP: 56/56 MP: 6/6
  5226 | Sewer    | Reached XP level 7. HP: 22/63 MP: 7/7
  5545 | Sewer    | Got a bone hand axe
  5546 | Sewer    | Identified the +3 hand axe of the Neverending Queens {freeze, +Blink rF- rN+} (You found it in a sewer)
  5634 | D:4      | Noticed Ijyb
  5657 | D:4      | Noticed Menkaure
  5664 | D:4      | Killed Menkaure
  5878 | D:4      | Killed Ijyb
  5941 | D:4      | Found a radiant altar of Vehumet.
  6013 | D:4      | Noticed TotesWizzard's ghost (amateur MfTm)
  6020 | D:4      | Killed TotesWizzard's ghost
  6020 | D:4      | Reached skill level 10 in Axes
  6020 | D:4      | Reached XP level 8. HP: 64/73 MP: 8/8
  6456 | D:5      | Entered Level 5 of the Dungeon
  7232 | D:5      | Found a staircase to the Ecumenical Temple.
  7240 | Temple   | Entered the Ecumenical Temple
  7290 | Temple   | Became a worshipper of Qazlal Stormbringer
  7290 | Temple   | Reached * piety under Qazlal
  7290 | Temple   | Reached ** piety under Qazlal
  7580 | D:6      | Noticed TotesWizzard's ghost (novice MfTm)
  7853 | D:5      | Reached skill level 1 in Invocations
  8070 | D:6      | Killed TotesWizzard's ghost
  8070 | D:6      | Reached skill level 3 in Invocations
  8070 | D:6      | Reached XP level 9. HP: 39/81 MP: 8/11
  8516 | D:6      | Reached skill level 4 in Invocations
  9177 | D:6      | Found a runed door.
  9207 | D:6      | Noticed Crazy Yiuf
  9212 | D:6      | Killed Crazy Yiuf
  9278 | D:6      | Reached skill level 5 in Invocations
  9694 | D:7      | Noticed Curus's ghost (novice GrEE)
  9740 | D:7      | Killed Curus's ghost
  9740 | D:7      | Reached skill level 5 in Dodging
  9740 | D:7      | Reached skill level 6 in Invocations
  9740 | D:7      | Reached XP level 10. HP: 66/88 MP: 14/14
  9996 | D:7      | Reached *** piety under Qazlal
 10122 | D:7      | Reached skill level 7 in Invocations
 10746 | D:8      | Reached skill level 8 in Invocations
 10763 | D:8      | Noticed a two-headed ogre
 10811 | D:8      | Killed a two-headed ogre
 10811 | D:8      | Reached skill level 9 in Invocations
 11149 | D:8      | Reached skill level 10 in Invocations
 11755 | D:9      | Noticed Grum
 11783 | D:9      | Killed Grum
 11783 | D:9      | Reached skill level 11 in Invocations
 12120 | D:9      | Reached XP level 11. HP: 57/94 MP: 19/19
 12276 | D:9      | Noticed a two-headed ogre
 12287 | D:9      | Noticed SedStubbie's ghost (novice GnAM)
 12524 | D:9      | Noticed Joseph
 12545 | D:9      | Killed Joseph
 12545 | D:9      | Reached skill level 12 in Invocations
 12594 | D:9      | Noticed Erica
 12596 | D:9      | Killed Erica
 12719 | D:9      | Found Soshayfa's Food Boutique.
 12720 | D:9      | Got a sapphire-encrusted scale mail
 12766 | D:8      | Identified the +4 scale mail of the Wumpus {rF+ Dex+3} (You found it on level 9 of the Dungeon)
 12887 | D:9      | Killed SedStubbie's ghost
 12887 | D:9      | Reached skill level 13 in Invocations
 12995 | D:9      | Killed a two-headed ogre
 13102 | D:9      | Reached skill level 14 in Invocations
 13298 | D:9      | Reached **** piety under Qazlal
 13885 | D:10     | Entered Level 10 of the Dungeon
 13886 | D:10     | Noticed a two-headed ogre
 13895 | D:10     | Killed a two-headed ogre
 13895 | D:10     | Reached skill level 15 in Invocations
 14063 | D:10     | Noticed RENEGADE's ghost (novice KoVM)
 14085 | D:10     | Killed RENEGADE's ghost
 14207 | D:10     | Paralysed by a hornet for 3 turns
 14214 | D:10     | Reached skill level 16 in Invocations
 14214 | D:10     | Reached XP level 12. HP: 72/101 MP: 22/24
 14236 | D:10     | Reached skill level 1 in Armour
 14896 | D:11     | Found a staircase to the Lair.
 14896 | D:11     | Found a staircase to the Orcish Mines.
 14904 | D:11     | Noticed Harold
 15262 | D:11     | Noticed a two-headed ogre
 15270 | D:11     | Noticed a two-headed ogre
 15273 | D:11     | Killed a two-headed ogre
 15416 | D:11     | Killed Harold
 15567 | D:11     | Reached skill level 5 in Armour
 15568 | D:11     | Killed a two-headed ogre
 15568 | D:11     | Reached ***** piety under Qazlal
 15568 | D:11     | Reached skill level 10 in Fighting
 15657 | D:11     | Found Ysmagat's Armour Shop.
 15882 | Lair:1   | Entered Level 1 of the Lair of Beasts
 16293 | Lair:1   | Reached XP level 13. HP: 113/113 MP: 25/25
 16896 | Lair:2   | Found a staircase to the Snake Pit.
 17927 | Lair:3   | Found a staircase to the Shoals.
 18374 | Lair:4   | Noticed Nergalle
 18378 | Lair:4   | Killed Nergalle
 18783 | Lair:4   | Reached skill level 10 in Armour
 19182 | Lair:4   | Got an encrusted leather armour
 19193 | Lair:4   | Identified the cursed +0 leather armour of the Pit {rN+ Slay+3} (You found it on level 4 of the Lair of Beasts)
 19898 | Lair:5   | Reached skill level 10 in Dodging
 20000 | Lair:5   | Found a staircase to the Slime Pits.
 20593 | Lair:6   | Entered Level 6 of the Lair of Beasts
 20600 | Lair:6   | Reached XP level 14. HP: 121/121 MP: 26/26
 21039 | Lair:6   | Reached skill level 15 in Axes
 21073 | Lair:6   | Reached skill level 17 in Invocations
 21955 | Lair:6   | Identified a scroll of acquirement
 21956 | Lair:6   | Got a warped executioner's axe
 21957 | Lair:6   | Identified the +8 executioner's axe "Enohune" {antimagic, rElec Dex-4 SInv} (You acquired it on level 6 of the Lair of Beasts)
 22335 | Orc:1    | Entered Level 1 of the Orcish Mines
 22417 | Orc:2    | Entered Level 2 of the Orcish Mines
 22417 | Orc:2    | Found a staircase to the Elven Halls.
 22433 | Orc:2    | Noticed an orc warlord
 22445 | Orc:2    | Killed an orc warlord
 22511 | Orc:2    | Found a labyrinth entrance.
 22517 | Lab      | Entered a labyrinth
 22656 | Lab      | Got a slimy amber ring
 22660 | Lab      | Got a twitching silver ring
 22661 | Lab      | Identified the ring "Ecsuna Jesu" {Wiz Int+6} (You found it in a labyrinth)
 22662 | Lab      | Identified the ring of Xosovvik {Ice +Fly MP+9 Int+3} (You took it off a minotaur in a labyrinth)
 22664 | Lab      | Identified the Volume of Battle Magic and the Escort
 22672 | Lab      | Got a crystal shortbow
 22672 | Lab      | Got a pitted helmet
 22673 | Lab      | Identified the +6 shortbow of Obropseu {flame, rF+ rC+ Dex+3} (You found it in a labyrinth)
 22679 | Lab      | Identified the cursed -5 helmet of Servitude {rC- Str+2 SInv} (You found it in a labyrinth)
 22828 | Orc:2    | Reached XP level 15. HP: 134/134 MP: 4/27
 23097 | Orc:2    | Found Ocell's Distillery.
 23098 | Orc:2    | Found Busa's Distillery.
 23147 | Orc:2    | Found Heajioly's Food Shoppe.
 23223 | Orc:1    | Noticed Urug
 23323 | Orc:1    | Killed Urug
 23442 | Orc:1    | Found Pasid's Jewellery Shoppe.
 23714 | Orc:2    | Reached skill level 18 in Invocations
 24466 | Orc:2    | Found Sedghe's Antique Armour Shoppe.
 24466 | Orc:2    | Found a one-way gate leading to the halls of Pandemonium.
 24466 | Orc:2    | Found Eqintiar's Gadget Emporium.
 24468 | Orc:2    | Bought a crude chain mail for 190 gold pieces
 24468 | Orc:2    | Bought a pair of faintly humming boots for 190 gold pieces
 24478 | Orc:2    | Identified the +6 chain mail of Pride {Str+2} (You bought it in a shop on level 2 of the Orcish Mines)
 24488 | Orc:2    | Identified the +3 pair of boots of Absence {*Slow rElec rF- rN+++} (You bought it in a shop on level 2 of the Orcish Mines)
 24660 | Orc:1    | Paralysed by an orc sorcerer for 6 turns
 24743 | Orc:1    | Found a bloodstained altar of Trog.
 24962 | D:12     | Noticed Sonja
 24984 | D:12     | Killed Sonja
 26163 | D:13     | Found a gate to the Vaults.
 26862 | D:14     | Reached skill level 19 in Invocations
 26901 | D:14     | Noticed Nessos
 26913 | D:14     | Killed Nessos
 26913 | D:14     | Reached XP level 16. HP: 122/146 MP: 9/29
 27727 | D:15     | Entered Level 15 of the Dungeon
 28014 | D:15     | Reached skill level 15 in Fighting
 28169 | D:15     | Reached skill level 20 in Invocations
 28529 | D:15     | Found a stormy altar of Qazlal.
 28947 | D:15     | Cast into level 2 of the Abyss (a wizard)
 29044 | Abyss:2  | Noticed a bone dragon
 29314 | Abyss:2  | Noticed a tentacled starspawn
 29314 | Abyss:2  | Noticed a tentacled starspawn
 29335 | Abyss:2  | Killed a tentacled starspawn
 29343 | Abyss:2  | Noticed a lich
 29343 | Abyss:2  | Killed a tentacled starspawn
 29345 | Abyss:2  | Noticed a Hell Sentinel
 29559 | D:15     | Escaped the Abyss
 29654 | D:15     | Reached XP level 17. HP: 91/109 MP: 10/31
 29744 | D:15     | Found a staircase to the Depths.
 30186 | Snake:1  | Entered Level 1 of the Snake Pit
 30284 | Snake:1  | Noticed Donald
 30288 | Snake:1  | Killed Donald
 30305 | Snake:1  | Slain by a salamander

Skill      XL: |  1  2  3  4  5  6  7  8  9 10 11 12 13 14 15 16 17 |
---------------+----------------------------------------------------+-----
Fighting       | 4 5 6 7 8 10 12 14 15 | 15.0
Axes           | 5 6 7 8 10 11 13 14 16 17 18 | 18.0
Dodging        | 3 5 7 10 11 | 11.3
Invocations    | 3 6 11 16 17 19 20 | 20.0
Armour         | 6 10 11 12 | 12.1
Stealth        | |  1.7

Action                   |  1- 3 |  4- 6 |  7- 9 | 10-12 | 13-15 | 16-18 || total
-------------------------+-------+-------+-------+-------+-------+-------++-------
Melee: Hand axe          |   153 |   342 |   355 |   688 |   671 |       ||  2209
       Executioner's axe |       |       |       |       |   409 |   376 ||   785
 Fire: Blowgun           |       |     4 |       |       |       |       ||     4
Invok: Upheaval          |       |       |     1 |     8 |    32 |    14 ||    55
       Disaster Area     |       |       |       |       |     2 |       ||     2
Evoke: Wand              |       |       |       |       |       |     2 ||     2
  Use: Scroll            |       |     6 |     2 |    16 |    12 |     5 ||    41
       Potion            |       |     1 |     1 |     1 |     4 |       ||     7
 Stab: Sleeping          |     3 |     3 |       |       |       |       ||     6
  Eat: Chunk             |     2 |    12 |    11 |    42 |    34 |     5 ||   106
       Ration            |       |       |     1 |       |     1 |     2 ||     4
Armor: Robe              |    29 |    44 |     2 |       |       |       ||    75
       Scale mail        |       |       |    73 |   186 |   215 |       ||   474
       Leather armour    |       |       |       |     1 |       |       ||     1
       Chain mail        |       |       |       |       |   123 |   204 ||   327
Dodge: Dodged            |   152 |   220 |   120 |   269 |   537 |   205 ||  1503
       Deflected         |       |       |       |     1 |    30 |    19 ||    50
Block: Other             |       |       |    12 |   104 |   212 |    88 ||   416
